 Dungeon Sprint DCSS version 0.31-a0-142-g31f6795574 (webtiles) character file.

Game seed: 7529510608513973724

2 gelatine the Trooper (level 1, -5/18 HPs)
             Began as a Demonspawn Fighter on June 3, 2023.
             Slain by a human (8 damage)
             ... in the Dungeon (Sprint III: "The Ten Rune Challenge").
             The game lasted 00:00:32 (45 turns).

gelatine the Trooper (Demonspawn Fighter)             Turns: 45, Time: 00:00:33

Health: -5/18      AC:  6    Str: 16    XL:     1   Next: 33%
Magic:  1/1        EV:  8    Int:  9    God:
Gold:   0          SH:  4    Dex: 12    Spells: 0/0 levels left

rFire   . . .        a - +0 war axe
rCold   . . .        c - +0 buckler
rNeg    . . .        b - +0 scale mail
rPois   .            (no helmet)
rElec   .            (no cloak)
rCorr   .            (no gloves)
SInv    .            (no boots)
Will    .....        (no amulet) Stlth
                     (no ring)
HPRegen 0.23/turn    (no ring)
MPRegen 0.07/turn

%: no teleportation
@: mighty
A: no striking features
a: no special abilities


You were in the Dungeon.
You visited 1 branch

Inventory:

Hand Weapons
 a - a +0 war axe (weapon)
Armour
 b - a +0 scale mail (worn)
 c - a +0 buckler (worn)
Scrolls
 j - a scroll of blinking
Potions
 e - a potion of curing
 f - a potion of heal wounds
 g - a potion of haste
 h - 3 potions of magic
 i - a potion of berserk rage


   Skills:
 * Level 3.4 Fighting
 * Level 1.7 Axes
 * Level 3.0 Armour
 * Level 3.0 Shields


You couldn't memorise any spells.
You didn't know any spells.
Your spell library was empty.

Dungeon Overview and Level Annotations

Branches:
Dungeon (1/1)

Altars:


Message History

Your Armour skill increases to level 3!
You see here a rat corpse.
h - 3 potions of magic (gained 1)
You open the door.
There is an open door here.
A human comes into view.
The human shouts!
You feel very mighty all of a sudden.
You slash the human!
The human is moderately wounded.
The human barely misses you. x2
You completely miss the human.
The human is moderately wounded.
The human hits you but does no damage.
You closely miss the human.
The human is moderately wounded.
The human hits you but does no damage. You block the human's attack.
You closely miss the human.
The human is moderately wounded.
The human hits you but does no damage.
You slash the human!
The human is heavily wounded.
The human barely misses you. The human hits you but does no damage.
You closely miss the human.
The human is heavily wounded.
The human hits you.
You closely miss the human.
The human is heavily wounded.
The human hits you. x2
You miss the human.
The human is heavily wounded.
The human hits you.
You hit the human.
The human is severely wounded.
The human hits you.
* * * LOW HITPOINT WARNING * * *
You slash the human!
The human is almost dead.
The human hits you!
You die...

▓..†..#
▓.....#...~~..♣♣..
▓....[#..~~~~♣....
▓####'#..~≈≈~~~...
▓....†#.~~≈~~~....
▓.....#.~≈~~~.....
▓.....#.~~~.......
▓'#####...........
▓.........@p......
▓▓▓▓▓▓▓▓▓▓▓▓▓▓▓▓▓▓


You could see a human.

Vanquished Creatures
  4 rats (D)
4 creatures vanquished.

Notes
Turn   | Place    | Note
-------+----------+-------------------------------------------
     0 | D        | gelatine the Demonspawn Fighter began the quest for the
                  | Orb.
     0 | D        | Reached XP level 1. HP: 18/18 MP: 1/1
    45 | D        | Slain by a human

Illustrated notes

Levels and vault maps discovered:
D:        dungeon_sprint_mu [sprint_mu_entry_forest, sprint_mu_temple_rooms,
          sprint_mu_d1_spiders, sprint_mu_d2_genie, sprint_mu_d3_branching,
          sprint_mu_orc_legion, sprint_mu_elf_gauntlet, sprint_mu_hive_nellie,
          sprint_mu_lair_fedhas, sprint_mu_vaults_butterflies,
          sprint_mu_slime_circle, sprint_mu_shoals_archi,
          sprint_mu_snake_twists, sprint_mu_blade_basic, sprint_mu_crypt_lich,
          sprint_mu_tomb_spiral, sprint_mu_vestibule_basic,
          sprint_mu_gehenna_hellfire, sprint_mu_dis_giant,
          sprint_mu_tartarus_statrot, sprint_mu_cocytus_islands, sprint_mu_zot1]

Skill      XL: |  1 |
---------------+----+-----
Shields        | 3 |  3.0
Armour         | 3 |  3.0
Fighting       | |  3.4
Axes           | |  1.7

Action                     || total
---------------------------++-------
  Melee: War axe           ||    18
    Use: Potion            ||     1
 Armour: Scale mail        ||     9
  Dodge: Dodged            ||     6
  Block: Buckler           ||     2

Table legend: (Time is in decaauts)
 A = Elapsed time spent in this place.
 B = Non-inter-level travel time spent in this place.
 C = Inter-level travel time spent in this place.
 D = Time resting spent in this place.
 E = Time spent auto-exploring this place.
 F = Levels seen in this place.
 G = Mean time per level.
                   A        B        C        D        E       F      G
               +--------+--------+--------+--------+--------+-----+--------+
         Total |     52 |     52 |      0 |      0 |      0 |   1 |   52.0 |
       Dungeon |     52 |     52 |      0 |      0 |      0 |   1 |   52.0 |
               +--------+--------+--------+--------+--------+-----+--------+

Top non-repeatable levels by time:
       D: 52 daAuts
